 Dungeon Crawl Stone Soup version 0.22-a0-284-g99d1f74 (webtiles) character file.

7044 grizmgrazm2 the Conjurer (level 10, -6/71 HPs)
             Began as a Demonspawn Fire Elementalist on Mar 22, 2018.
             Was a Believer of Ashenzari.
             Mangled by a yak (9 damage)
             ... on level 10 of the Dungeon.
             The game lasted 00:43:23 (12895 turns).

grizmgrazm2 the Conjurer (DsFE)                    Turns: 12895, Time: 00:43:24

Health: -6/71      AC: 13    Str:  8    XL:     10   Next: 83%
Magic:  7/20       EV: 14    Int: 20    God:    Ashenzari [**....]
Gold:   248        SH:  0    Dex: 14    Spells: 12/23 levels left

rFire    + . .     SeeInvis .   i - +3 dagger (venom) (curse)
rCold    + . .     Gourm    .   (no shield)
rNeg     . . .     Faith    .   e - +3 leather armour {rC+} (curse)
rPois    .         Spirit   .   n - +0 helmet
rElec    .         Reflect  .   s - +1 cloak (curse)
rCorr    .         Harm     .   j - +0 pair of gloves (curse)
MR       .....                  f - +0 pair of boots (curse)
Stlth    +++.......             (no amulet)
HPRegen  0.21/turn              r - ring of protection from fire (curse)
MPRegen  0.17/turn              (no ring)

@: no status effects
A: hooves 1, rot immunity, sturdy frame 1
a: Curse Item, Scrying, Renounce Religion


You were on level 10 of the Dungeon.
You worshipped Ashenzari.
Ashenzari was pleased with you.
You were hungry.

You visited 1 branch of the dungeon, and saw 10 of its levels.

You collected 454 gold pieces.
You spent 206 gold pieces at shops.

Inventory:

Hand Weapons
 i - a cursed +3 dagger of venom (weapon)
 o - a +2 trident of freezing
Armour
 b - a scarf of spirit shield
 e - a cursed +3 leather armour of cold resistance (worn)
 f - a cursed +0 pair of boots (worn)
 j - a cursed +0 pair of gloves (worn)
 n - a +0 helmet (worn)
 s - a cursed +1 cloak (worn)
Magical Staves
 g - an uncursed staff of wizardry
 z - an uncursed staff of conjuration
Jewellery
 r - a cursed ring of protection from fire (left hand)
Wands
 a - a wand of polymorph (23)
 k - a wand of iceblast (12)
 l - a wand of scattershot (5)
 y - a wand of acid (8)
Scrolls
 q - 4 scrolls of teleportation
 u - 2 scrolls of identify
 w - a scroll of magic mapping {unknown}
Potions
 h - 2 potions of magic
 m - 2 potions of flight {unknown}
 p - 2 potions of brilliance
 x - a potion of curing
Comestibles
 c - 25 rations
 d - 7 chunks of flesh


   Skills:
 + Level 4.0 Fighting
 + Level 3.2(5.2) Short Blades
 - Level 6.7 Armour
 + Level 3.8(5.2) Dodging
 - Level 3.6(5.0) Stealth
 * Level 7.0 Spellcasting
 * Level 7.4 Conjurations
 + Level 1.8 Necromancy
 * Level 7.3 Fire Magic


You had 12 spell levels left.
You knew the following spells:

 Your Spells              Type           Power        Failure   Level  Hunger
a - Flame Tongue          Conj/Fire      #####        1%          1    None
b - Throw Flame           Conj/Fire      #####.       1%          2    None
c - Conjure Flame         Conj/Fire      #####...     1%          3    #......
d - Sticky Flame          Conj/Fire      #####...     4%          4    ###....
e - Animate Skeleton      Necr           N/A          4%          1    None


Dungeon Overview and Level Annotations

Branches:
Dungeon (10/15)            Temple (0/1) D:6
   Lair: D:8-11         Orc: D:9-12

Altars:
Ashenzari
Gozag
Nemelex Xobeh
Wu Jian
Zin

Shops:
D:4 !   D:6 !


Innate Abilities, Weirdness & Mutations

You have large cloven feet.
You are immune to rotting.
Your movements are slightly less encumbered by armour. (ER -2)


Message History

The yak is covered in liquid flames!
The yak burns!
The yak gores you but does no damage.
You hit the yak.
The yak is poisoned.
The yak is heavily wounded.
The yak misses you.
You hit the yak but do no damage.
The yak looks as sick as possible!
The yak is heavily wounded.
The yak burns!
The yak gores you!
* * * LOW HITPOINT WARNING * * *
You barely miss the yak.
The yak is heavily wounded.
The yak burns!
You hit the yak but do no damage.
The yak is severely wounded.
The yak burns!
The yak gores you.
* * * LOW HITPOINT WARNING * * *
You hit the yak but do no damage.
The yak looks as sick as possible!
The yak is severely wounded.
The yak gores you!
You die...

,......#*
, .....# ,
,....# * ,
...* * * *
#.# *
###$# * *
#Y..# *
#Y### ##@#
* #..# ,
##.## #..#
#.## #.#
#.# #.#
#####'####


You could see 2 yaks.

Vanquished Creatures
  2 two-headed ogres (D:8)
  Prince Ribbit (D:7)
  2 hippogriffs
  A spriggan (D:7)
  8 yaks
  Duvessa (D:7)
  2 orc warriors
  4 ice beasts
  A sky beast (D:8)
  2 black bears
  2 necrophages
  A phantom (D:9)
  3 ogres
  A centaur (D:8)
  A big kobold (D:5)
  Blork the orc (D:6)
  6 bullfrogs
  Dowan (D:7)
  3 scorpions
  A jelly (D:6)
  6 killer bees (D:7)
  A howler monkey (D:5)
  3 crimson imps
  A centaur zombie (D:6)
  2 bullfrog zombies
  6 orc priests
  2 hounds
  10 orc wizards
  A centaur skeleton (D:8)
  Crazy Yiuf (D:7)
  Jessica (D:2)
  2 iguanas
  8 worker ants
  A hound zombie (D:8)
  A howler monkey skeleton (D:8)
  13 adders
  2 shadow imps
  An ooze (D:5)
  2 worms
  A dart slug (D:4)
  5 leopard geckos
  39 orcs
  3 ball pythons
  5 giant cockroaches
  6 goblins
  16 hobgoblins
  19 jackals
  5 quokkas
  12 bats
  5 frilled lizards
  18 kobolds
  A quokka skeleton (D:9)
  A quokka zombie (D:8)
  5 rats
249 creatures vanquished.

Vanquished Creatures (others)
  3 fungi (D:7)
3 creatures vanquished.

Grand Total: 252 creatures vanquished

Notes
Turn   | Place    | Note
-------+----------+-------------------------------------------
     0 | D:1      | grizmgrazm2 the Demonspawn Fire Elementalist began the quest for the Orb.
     0 | D:1      | Reached XP level 1. HP: 13/13 MP: 3/3
   521 | D:1      | Gained mutation: You are immune to rotting. [demonic ancestry]
   521 | D:1      | Reached XP level 2. HP: 18/19 MP: 5/5
  1226 | D:1      | Reached XP level 3. HP: 24/24 MP: 3/6
  1397 | D:2      | Learned a level 3 spell: Conjure Flame
  1569 | D:2      | Noticed Jessica
  1978 | D:2      | Killed Jessica
  1978 | D:2      | Gained mutation: You have large cloven feet. [demonic ancestry]
  1978 | D:2      | Reached XP level 4. HP: 20/30 MP: 4/8
  2180 | D:2      | Learned a level 4 spell: Sticky Flame
  2480 | D:2      | Reached XP level 5. HP: 34/35 MP: 6/9
  2484 | D:2      | Learned a level 2 spell: Throw Flame
  3553 | D:3      | Reached skill level 1 in Fighting
  3942 | D:4      | Reached XP level 6. HP: 43/43 MP: 2/11
  4441 | D:4      | Found Luust's Distillery.
  4446 | D:4      | Bought a potion of agility for 44 gold pieces
  4446 | D:4      | Bought a potion of resistance for 110 gold pieces
  4893 | D:5      | Entered Level 5 of the Dungeon
  5190 | D:5      | Reached skill level 1 in Armour
  5252 | D:5      | Reached XP level 7. HP: 20/48 MP: 7/13
  5930 | D:5      | Reached skill level 5 in Fire Magic
  6011 | D:5      | Found a shattered altar of Ashenzari.
  6014 | D:5      | Found a sparkling altar of Nemelex Xobeh.
  6069 | D:5      | HP: 2/48 [orc wizard/magic dart (7)]
  6496 | D:5      | Became a worshipper of Ashenzari the Shackled
  7078 | D:6      | Reached XP level 8. HP: 48/54 MP: 10/15
  7316 | D:6      | Found Esujiwy's Distillery.
  7321 | D:6      | Bought a potion of brilliance for 52 gold pieces
  7744 | D:6      | Found a staircase to the Ecumenical Temple.
  8397 | D:6      | Noticed Blork the orc
  8407 | D:6      | Killed Blork the orc
  8407 | D:6      | Reached skill level 5 in Armour
  8557 | D:7      | Reached * piety under Ashenzari
  8858 | D:7      | Reached skill level 5 in Conjurations
  8892 | D:7      | Noticed Prince Ribbit
  8893 | D:7      | Noticed Duvessa
  8918 | D:7      | Noticed Dowan
  8921 | D:7      | Killed Duvessa
  8921 | D:7      | Reached skill level 5 in Spellcasting
  8921 | D:7      | Gained mutation: Your movements are slightly less encumbered by armour. (ER -2) [demonic ancestry]
  8921 | D:7      | Reached XP level 9. HP: 35/61 MP: 12/16
  8928 | D:7      | Killed Dowan
  8935 | D:7      | Killed Prince Ribbit
  9320 | D:7      | Reached skill level 1 in Short Blades
  9672 | D:7      | Found a runed door.
  9676 | D:7      | Noticed Crazy Yiuf
  9680 | D:7      | Killed Crazy Yiuf
  9689 | D:7      | Identified a scroll of acquirement
  9888 | D:8      | Found an opulent altar of Gozag.
 10378 | D:8      | Reached ** piety under Ashenzari
 10408 | D:8      | Noticed a two-headed ogre
 10418 | D:8      | Killed a two-headed ogre
 10876 | D:8      | Reached XP level 10. HP: 68/69 MP: 14/19
 11026 | D:8      | Found a glowing silver altar of Zin.
 11096 | D:8      | Noticed a two-headed ogre
 11111 | D:8      | Killed a two-headed ogre
 11471 | D:9      | Identified the +0 ring mail of Wisdom {rPois Str+3 Int+3 Stlth+}
 11634 | D:9      | Learned a level 1 spell: Animate Skeleton
 11895 | D:9      | Reached skill level 1 in Necromancy
 11907 | D:9      | HP: 3/106 [yak (7)]
 12690 | D:9      | Found an ornate altar of the Wu Jian Council.
 12841 | D:10     | Entered Level 10 of the Dungeon
 12894 | D:10     | HP: 3/71 [yak (4)]
 12895 | D:10     | Mangled by a yak

Vault maps used:
D:1:      lemuel_arrival_cross
D:2:      uniq_jessica
D:4:      serial_shops, shop, hangedman_abyss_or_decor_lesser_grid
D:5:      grunt_temple_overflow_open, first_ration
D:6:      corexii_shack_village, minmay_temple_entry_hall, serial_shops, shop,
          uniq_blork_the_orc
D:7:      the_bakery, minivault_1, nrook_mini_backslash,
          uniq_crazy_yiuf_cottage, uniq_prince_ribbit1, uniq_duvessa
D:8:      zin_scriptorium, basic_altar, st_stairs_7
D:9:      nicolae_overflow_hidden_temple
D:10:     uniq_nergalle

Skill      XL: |  1  2  3  4  5  6  7  8  9 10 |
---------------+-------------------------------+-----
Fire Magic     | 3 4 5 6 7 |  7.3
Conjurations   | 2 3 4 5 6 7 |  7.4
Spellcasting   | 3 4 5 6 7 |  7.0
Fighting       | 1 2 4 |  4.0
Armour         | 1 2 6 |  6.7
Stealth        | 2 3 |  3.6
Dodging        | 3 |  3.8
Short Blades   | 2 3 |  3.2
Necromancy     | 1 |  1.8

Action                   |  1- 3 |  4- 6 |  7- 9 | 10-12 || total
-------------------------+-------+-------+-------+-------++-------
Melee: Club              |    40 |       |       |       ||    40
       Unarmed           |     4 |       |       |       ||     4
       Short sword       |       |    55 |       |       ||    55
       Kick              |       |    23 |    18 |       ||    41
       Dagger            |       |    58 |   364 |   154 ||   576
 Cast: Flame Tongue      |    75 |    80 |     5 |       ||   160
       Conjure Flame     |     1 |       |       |       ||     1
       Sticky Flame      |       |     6 |    42 |    29 ||    77
       Throw Flame       |       |     4 |     5 |     3 ||    12
       Animate Skeleton  |       |       |       |     1 ||     1
Invok: Curse Item        |       |       |     4 |     1 ||     5
Evoke: Wand              |       |       |       |     2 ||     2
  Use: Potion            |     2 |     1 |     6 |     3 ||    12
       Scroll            |     1 |     9 |     5 |     3 ||    18
 Stab: Sleeping          |     1 |     1 |     8 |     2 ||    12
  Eat: Chunk             |     4 |    11 |    23 |     9 ||    47
       Ration            |       |       |     1 |       ||     1
Armor: Robe              |    21 |    28 |       |       ||    49
       Skin              |     5 |       |       |       ||     5
       Leather armour    |       |     6 |   123 |    59 ||   188
Dodge: Dodged            |    87 |   113 |   239 |   101 ||   540

Table legend:
 A = Spawn XP
 B = Non-spawn XP
 C = Spawn XP percentage of total XP
 D = Spawn monster count
 E = Non-spawn monster count
 F = Spawn count percentage of total count
 G = Total turns spent on level
                    A         B        C        D         E        F      G
               +---------+---------+-------+---------+---------+-------+---------
         Total |       0 |   10064 |   0.0 |       0 |     249 |   0.0 | 12895
               +---------+---------+-------+---------+---------+-------+---------
           D:1 |       0 |      76 |   0.0 |       0 |      30 |   0.0 |  1825
           D:2 |       0 |     125 |   0.0 |       0 |      30 |   0.0 |   997
           D:3 |       0 |     154 |   0.0 |       0 |      19 |   0.0 |  1316
           D:4 |       0 |     215 |   0.0 |       0 |      18 |   0.0 |   755
           D:5 |       0 |     812 |   0.0 |       0 |      31 |   0.0 |  2155
           D:6 |       0 |     695 |   0.0 |       0 |      29 |   0.0 |  1410
           D:7 |       0 |    1886 |   0.0 |       0 |      27 |   0.0 |  1413
           D:8 |       0 |    2972 |   0.0 |       0 |      31 |   0.0 |  1508
           D:9 |       0 |    2408 |   0.0 |       0 |      30 |   0.0 |  1462
          D:10 |       0 |     721 |   0.0 |       0 |       4 |   0.0 |    54
               +---------+---------+-------+---------+---------+-------+---------
